 Dungeon Crawl Stone Soup version 0.31.0-1-g2c135a008e (webtiles) character file.

Game seed: 4952357204250845112

1458 qw the Shooter (level 9, -4/65 HPs)
             Began as a Djinni Hunter on Jan 23, 2024.
             Was an Initiate of Okawaru.
             Killed from afar by a white imp (7 damage)
             ... with a puff of frost
             ... on level 6 of the Dungeon.
             The game lasted 00:00:24 (4830 turns).

qw the Shooter (Djinni Hunter)                      Turns: 4830, Time: 00:00:24

Health: -4/65      AC:  7    Str: 10    XL:     9   Next: 5%
Gold:   222        EV: 17    Int: 11    God:    Okawaru [......] SH:  0 Dex: 27

rFire   + . .        a - +1 shortbow
rCold   . . .        (shield currently unavailable)
rNeg    . . .        e - +2 leather armour {Will+}
rPois   inf          (no helmet)
rElec   .            j - +1 cloak
rCorr   .            (no gloves)
SInv    .            (boots unavailable)
Will    +....        (no amulet)
Stlth   ++           b - ring of ice
HPRegen 0.30/turn    k - +6 ring of dexterity
MPRegen 0.00/turn

%: infuse magic (-5 HP)
@: about to teleport, flying
A: sickness immunity, fire resistance 2, cold vulnerability 1, float, innate
caster, HP casting, extra vitality 1
a: Renounce Religion


You were on level 6 of the Dungeon.
You worshipped Okawaru.
Okawaru was noncommittal.
You visited 2 branches of the dungeon, and saw 7 of its levels.

You collected 222 gold pieces.


Innate Abilities, Weirdness & Mutations

You are immune to sickness and miasma.
You are immune to poison.
Your flesh is very heat resistant. (rF++)
You are vulnerable to cold. (rC-)
You float through the air rather than walking.
You learn spells naturally, not from books.
Your magical power is your life essence.
You have superior vitality. (+4 MHP)


   Skills:
 - Level 5.0 Fighting
 - Level 7.0 Ranged Weapons
 - Level 2.2 Armour
 + Level 6.2 Dodging
 - Level 0.7 Stealth


You knew the following spells:

 Your Spells              Type           Power      Damage    Failure   Level
a - Sandblast             Erth           0%         2d4       43%         1
b - Static Discharge      Conj/Air       0%         3-3/arc   56%         2
c - Momentum Strike       Conj/Tloc      0%         3d8       56%         2
d - Passage of Golubria   Tloc           0%         N/A       99%         4
Your spell library was empty.

Inventory:

Hand Weapons
 a - a +1 shortbow (weapon)
Armour
 e - a +2 leather armour of willpower (worn)
 j - a +1 cloak (worn)
Jewellery
 b - a ring of ice (left hand)
 k - a +6 ring of dexterity (right hand)
 n - a ring of protection from fire
Wands
 g - a wand of flame (8)
 l - a wand of roots (9)
Scrolls
 o - a scroll of vulnerability {unknown}
Potions
 c - a potion of enlightenment
 d - 4 potions of curing
 f - a potion of cancellation
 h - a potion of heal wounds {unknown}
 i - a potion of might

Dungeon Overview and Level Annotations

Branches:
Dungeon (6/15)             Temple (1/1) D:6

Altars:
Ashenzari
Cheibriados
Elyvilon
Fedhas
Gozag
Hepliaklqana
Makhleb
Okawaru
Qazlal
Ru
Trog
Uskayaw
Wu Jian
Yredelemnul
The Shining One

Annotations:
D:3 3 runed translucent doors, qw's ghost, amateur GrHu
D:4 1 runed translucent door, Crazy Yiuf
D:5 exclusions: 3 gnolls and 2 gnoll sergeants


Message History

The arrow hits the ice beast.
The ice beast is moderately wounded.
The shadow imp misses you. The white imp puffs mist at you.
The white imp closely misses you.
You shoot an arrow. The arrow hits the shadow imp!
You kill the shadow imp!
Okawaru accepts your kill. The white imp gestures at you.
The puff of frost hits you.
You shoot an arrow. The arrow barely misses the ice beast.
The ice beast closely misses you. The white imp misses you.
You shoot an arrow. The arrow closely misses the ice beast.
The ice beast hits you but does no damage.
The white imp hits you but does no damage.
You shoot an arrow. The arrow hits the ice beast!
The ice beast is heavily wounded.
The ice beast hits you but does no damage.
The white imp gestures at you. The puff of frost hits you!
You shoot an arrow. The arrow closely misses the ice beast.
The ice beast misses you. The white imp closely misses you.
You shoot an arrow.
The arrow hits the ice beast but does no damage.
The ice beast is heavily wounded.
The ice beast closely misses you. The white imp barely misses you.
The white imp gestures at you. The puff of frost hits you.
The ice beast misses you.
You shoot an arrow.
The arrow hits the ice beast but does no damage.
The ice beast is heavily wounded.
The ice beast hits you. The ice beast freezes you! The white imp hits you.
The white imp freezes you.
4830 ||| READING scroll of teleportation.
As you read the scroll of teleportation, it crumbles to dust.
You feel strangely unstable. The ice beast closely misses you.
The white imp gestures at you. The puff of frost hits you!
You die...

... ... .. #'# Y5.###
#.# ..5.### #.#
#O..####.#
...#####5..##.#
......Y@...##.##########
#....##.................
### #.#.###..#####....
#.#.#.# #..# #....
#.#.#.# #..# #....
.#.#.# #..# #.(.. ...#.#
...# #.#.. #..#.#.##.###
#.#.. ##+######
#..#.#.##...# #.#..


You could see an ice beast and a white imp.

Vanquished Creatures
  A black bear (D:6)
  An ice beast (D:5)
  2 ogres
  A centaur (D:6)
  3 phantoms
  A kobold brigand (D:5)
  A bullfrog (D:6)
  4 scorpions
  A howler monkey (D:6)
  2 hounds (D:5)
  An orc priest (D:5)
  A bombardier beetle (D:5)
  2 sleepcaps (D:6)
  An iguana (D:4)
  An orc wizard (D:3)
  4 gnolls
  4 adders
  A shadow imp (D:6)
  4 ufetubi (D:6)
  2 dart slugs
  A ribbon worm (D:2)
  9 orcs
  10 ball pythons
  8 endoplasms
  2 giant cockroaches
  12 hobgoblins
  10 jackals
  3 kobolds
  5 quokkas
  3 bats
  4 frilled lizards
  8 goblins
  4 rats
117 creatures vanquished.

Vanquished Creatures (others)
  An ice beast (D:6)
  An ogre (D:6)
  3 scorpions (D:6)
  A gnoll bouda (D:6)
  A hound (D:6)
  A white imp (D:6)
  An ufetubus (D:6)
9 creatures vanquished.

Grand Total: 126 creatures vanquished

Notes
Turn   | Place    | Note
-------+----------+-------------------------------------------
     0 | D:1      | qw the Djinni Hunter began the quest for the Orb.
     0 | D:1      | Reached XP level 1. HP: 18/18 MP: 0/0
     0 | D:1      | 0 ||| qw: Version: 0.3-a-134-g2ba4250
     0 | D:1      | 0 ||| qw: Game counter: 751
     0 | D:1      | 0 ||| qw: Melee chars always use a shield: true
     0 | D:1      | 0 ||| qw: God list: Okawaru
     0 | D:1      | 0 ||| qw: Allow faded altars: false
     0 | D:1      | 0 ||| qw: Do Orc after clearing Dungeon:15 true
     0 | D:1      | 0 ||| qw: Do second Lair branch before Depths: true
     0 | D:1      | 0 ||| qw: Lair rune preference: random
     0 | D:1      | 0 ||| qw: Goals: Normal
     0 | D:1      | 0 ||| PLANNING D:1-11
    94 | D:1      | Reached XP level 2. HP: 23/23 MP: 0/0
   200 | D:1      | Reached XP level 3. HP: 28/28 MP: 0/0
   200 | D:1      | Learned a level 1 spell: Sandblast
   212 | D:1      | Reached skill level 4 in Ranged Weapons
   516 | D:1      | 516 ||| UPGRADING to +2 leather armour of willpower.
   526 | D:1      | 526 ||| DROPPING +0 leather armour.
   527 | D:1      | 527 ||| UPGRADING to +0 cloak.
   532 | D:1      | 532 ||| READING scroll labelled VOSMO KYMAWK.
   584 | D:1      | 584 ||| READING scroll labelled KUCHUY HAWE.
   585 | D:1      | 585 ||| READING scroll labelled ESOEDUPRUV.
   585 | D:1      | 585 ||| IDENTIFYING white potion
   586 | D:1      | 586 ||| READING scroll labelled QIHIAJ NUFECO.
   587 | D:1      | 587 ||| DROPPING scroll of butterflies.
   588 | D:1      | 588 ||| DROPPING potion of degeneration.
   614 | D:2      | Identified the +8 spear of the Ghost {flame, Will+ Str+2
                  | Dex+4}
   642 | D:2      | Reached skill level 3 in Fighting
   642 | D:2      | Reached XP level 4. HP: 35/35 MP: 0/0
   647 | D:2      | Identified the +6 dagger of the Shore {flame, Str+3 Dex+6
                  | Stlth-}
   763 | D:2      | Identified the +3 whip of Chance {pain, Int+5}
  1260 | D:2      | 1260 ||| READING 2 scrolls of identify.
  1260 | D:2      | 1260 ||| IDENTIFYING bubbling black potion
  1261 | D:2      | 1261 ||| READING scroll of identify.
  1261 | D:2      | 1261 ||| IDENTIFYING yellow potion
  1262 | D:2      | 1262 ||| READING scroll labelled QATZEA MODASU.
  1263 | D:2      | 1263 ||| DRINKING 2 red potions.
  1412 | D:3      | Noticed qw's ghost (amateur GrHu)
  1425 | D:3      | Reached skill level 3 in Dodging
  1445 | D:3      | Reached XP level 5. HP: 27/40 MP: 0/0
  1445 | D:3      | Learned a level 2 spell: Static Discharge
  1512 | D:3      | Found a runed translucent gate.
  1512 | D:3      | Found a runed translucent gate.
  1512 | D:3      | Found a runed translucent gate.
  1714 | D:3      | Found a sacrificial altar of Ru.
  1786 | D:3      | Found an ornate altar of the Wu Jian Council.
  2116 | D:3      | 2116 ||| READING scroll of identify.
  2116 | D:3      | 2116 ||| IDENTIFYING fuming yellow potion
  2117 | D:3      | 2117 ||| READING 3 scrolls labelled WIETOYT OTYBIM.
  2118 | D:3      | 2118 ||| READING scroll labelled SENECS YRURINK.
  2118 | D:3      | 2118 ||| ENCHANTING +0 shortbow.
  2119 | D:3      | 2119 ||| READING scroll labelled QIAGRANEZU.
  2151 | D:3      | 2151 ||| READING scroll labelled XOLYRU FESA.
  2152 | D:3      | 2152 ||| DROPPING 2 scrolls of noise.
  2153 | D:3      | 2153 ||| DROPPING potion of ambrosia.
  2178 | D:4      | 2178 ||| STAIRDANCE
  2230 | D:4      | Reached skill level 5 in Ranged Weapons
  2230 | D:4      | Reached XP level 6. HP: 36/46 MP: 0/0
  2555 | D:4      | Found a runed translucent door.
  2556 | D:4      | Noticed Crazy Yiuf
  2783 | D:4      | 2783 ||| READING scroll of identify.
  2783 | D:4      | 2783 ||| IDENTIFYING bubbling purple potion
  2784 | D:4      | 2784 ||| READING scroll labelled MUMPUE MUBIAB.
  2784 | D:4      | 2784 ||| ENCHANTING +0 cloak.
  2785 | D:4      | 2785 ||| DRINKING 2 fizzy green potions.
  2786 | D:4      | 2786 ||| DROPPING potion of brilliance.
  2816 | D:5      | Entered Level 5 of the Dungeon
  2847 | D:5      | Reached XP level 7. HP: 51/51 MP: 0/0
  2847 | D:5      | Learned a level 2 spell: Momentum Strike
  3183 | D:5      | Reached skill level 6 in Ranged Weapons
  3276 | D:5      | Reached XP level 8. HP: 58/58 MP: 0/0
  3552 | D:5      | 3552 ||| RETREEEEATING.
  3554 | D:5      | 3554 ||| RETREEEEATING.
  3556 | D:5      | 3556 ||| RETREEEEATING.
  3558 | D:5      | 3558 ||| RETREEEEATING.
  3563 | D:5      | 3563 ||| UPGRADING to ring of ice.
  3699 | D:5      | 3699 ||| UPGRADING to +6 ring of dexterity.
  3700 | D:5      | 3700 ||| READING scroll labelled LUSAOTUTEO.
  4171 | D:6      | Identified the +10 quarterstaff "Brush" {holy, rPois MP+9
                  | Dex+3}
  4203 | D:6      | Found the +8 mithril axe "Arga" {speed, Will+}
  4218 | D:6      | Found a staircase to the Ecumenical Temple.
  4219 | D:6      | 4219 ||| PLANNING TEMPLE
  4219 | D:6      | 4219 ||| READING scroll labelled NEDEC GOACKUHI.
  4336 | Temple   | Entered the Ecumenical Temple
  4337 | Temple   | 4337 ||| PLANNING OKAWARU WORSHIP
  4362 | Temple   | Became a worshipper of Warmaster Okawaru
  4363 | Temple   | 4363 ||| PLANNING D:1-11
  4543 | D:6      | Reached skill level 7 in Ranged Weapons
  4810 | D:6      | 4810 ||| RETREEEEATING.
  4817 | D:6      | Reached skill level 6 in Dodging
  4817 | D:6      | Reached XP level 9. HP: 49/65 MP: 0/0
  4817 | D:6      | Learned a level 4 spell: Passage of Golubria
  4829 | D:6      | HP: 9/65 [ice beast (12)]
  4829 | D:6      | HP: 2/65 [white imp (4)]
  4830 | D:6      | 4830 ||| READING scroll of teleportation.
  4830 | D:6      | Killed from afar by a white imp

Levels and vault maps discovered:
D:1:      dpeg_arrival_connections, layout_rooms
D:2:      layout_basic
D:3:      layout_basic, mainiacjoe_overflow_cross_hatched,
          nicolae_ru_great_annihilating_truth, gammafunk_ghost_icy
D:4:      layout_rooms, minivault_23, uniq_crazy_yiuf_cottage
D:5:      layout_cave_pods, blue_anna_alchemist, lightli_minifort
D:6:      layout_basic, xom_confusion_cloud, minmay_temple_entry_glassed_door,
          serial_corexii_hall, corexii_hall_statues_l,
          corexii_hall_statues_deadend, corexii_hall_statues_l,
          nicolae_specific_store
Temple:   regret_index_temple_waves

Skill      XL: |  1  2  3  4  5  6  7  8 |
---------------+-------------------------+-----
Ranged Weapons | 4 5 6 7 |  7.0
Fighting       | 3 4 5 |  5.0
Dodging        | 3 6 |  6.2
Armour         | 2 |  2.2
Stealth        | |  0.7

Action                     |  1- 3 |  4- 6 |  7- 9 || total
---------------------------+-------+-------+-------++-------
   Fire: Shortbow          |    96 |   162 |   187 ||   445
    Use: Scroll            |     4 |    10 |     3 ||    17
         Potion            |       |     2 |       ||     2
 Armour: Leather armour    |    25 |    41 |    72 ||   138
  Dodge: Dodged            |    15 |    40 |    71 ||   126

Table legend:
 A = Non-vault XP
 B = Vault XP
 C = Vault XP percentage of total XP
 D = Non-vault monster count
 E = Vault monster count
 F = Vault count percentage of total count
                 A         B        C        D         E       F
            +---------+---------+-------+---------+---------+-------
      Total |    1742 |     342 |  16.4 |     109 |       8 |   6.8
            +---------+---------+-------+---------+---------+-------
        D:1 |      62 |       0 |   0.0 |      35 |       0 |   0.0
        D:2 |      41 |       0 |   0.0 |      15 |       0 |   0.0
        D:3 |      72 |      41 |  36.3 |      16 |       4 |  20.0
        D:4 |     259 |       0 |   0.0 |      14 |       0 |   0.0
        D:5 |     841 |     105 |  11.1 |      18 |       2 |  10.0
        D:6 |     467 |     196 |  29.6 |      11 |       2 |  15.4
            +---------+---------+-------+---------+---------+-------
